 Dungeon Crawl Stone Soup version 0.30-a0-358-g0d69a1922f (webtiles) character file.

Game seed: 5594244372591052094

390 Essalna the Digger (level 6, -22/40 HPs)
             Began as a Gargoyle Earth Elementalist on Nov 11, 2022.
             Was an Initiate of Vehumet.
             Annihilated by an ogre
             ... wielding a +0 giant club
              (31 damage)
             ... on level 5 of the Dungeon.
             The game lasted 00:05:17 (3598 turns).

Essalna the Digger (Gargoyle Earth Elementalist)    Turns: 3598, Time: 00:05:18

Health: -22/40     AC:  6    Str: 23    XL:     6   Next: 80%
Magic:  8/9        EV: 11    Int: 18    God:    Vehumet [......]
Gold:   150        SH:  0    Dex: 10    Spells: 5/9 levels left

rFire   + + .      SeeInvis .    n - +7 whip of Punishment {pain, *Rage rF++ Str+6}
rCold   . . .      Faith    .    (no shield)
rNeg    + . .      Spirit   .    a - +0 robe
rPois   ∞          Reflect  .    (no helmet)
rElec   +          Harm     .    (no cloak)
rCorr   .          Rampage  .    (no gloves)
Will    .....      Rage     20%  (no boots)
Stlth   ++........               (no amulet)
HPRegen 0.26/turn                s - +6 ring of strength
MPRegen 0.11/turn                (no ring)

@: no status effects
A: sickness immunity, AC +4, negative energy resistance 1, electricity
resistance, torment resistance 1, petrification resistance
a: Renounce Religion


You were on level 5 of the Dungeon.
You worshipped Vehumet.
Vehumet was noncommittal.
You visited 1 branch of the dungeon, and saw 7 of its levels.

You collected 150 gold pieces.

Inventory:

Hand Weapons
 e - a +2 dagger of protection
 n - the +7 whip of Punishment (weapon) {pain, *Rage rF++ Str+6}
   (You found it on level 2 of the Dungeon)

   In the hands of one skilled in necromantic magic, it inflicts extra damage on
   living creatures.
   Str:       It affects your strength (+6).
   rF:        It greatly protects you from fire.
   *Rage:     It berserks you when you make melee attacks (+20% chance).
Armour
 a - a +0 robe (worn)
 t - a +0 buckler
Jewellery
 s - a +6 ring of strength (left hand)
Scrolls
 c - a scroll of fear {unknown}
 f - 3 scrolls of magic mapping {unknown}
 i - 3 scrolls of butterflies {unknown}
 j - 3 scrolls of teleportation {unknown}
 m - 7 scrolls of identify {unknown}
 o - a scroll of summoning {unknown}
Potions
 b - a potion of magic
 d - a potion of haste {unknown}
 g - 2 potions of curing {unknown}
 h - a potion of might {unknown}
 k - a potion of flight {unknown}
 l - 4 potions of lignification {unknown}
 p - 2 potions of invisibility {unknown}
 q - a potion of mutation {unknown}
 r - a potion of degeneration {unknown}


   Skills:
 + Level 5.0 Fighting
 - Level 1.5 Dodging
 - Level 2.1 Stealth
 - Level 2.0 Spellcasting
 - Level 0.7 Transmutations
 + Level 6.7 Earth Magic


You had 5 spell levels left.
You knew the following spells:

 Your Spells              Type           Power      Damage    Failure   Level
a - Sandblast             Erth           52%        2d12      1%          1
b - Stone Arrow           Conj/Erth      28%        3d8       14%         3

Your spell library contained the following spells:

 Spells                   Type           Power      Damage    Failure   Level
 Passwall                 Tmut/Erth      12%        N/A       6%          2
 Petrify                  Tmut/Erth      15%        N/A       36%         4
 Frozen Ramparts          Ice            2%         1d1       47%         3
 Ice Form                 Ice/Tmut       3%         N/A       83%         4
 Summon Ice Beast         Ice/Summ       1%         N/A       87%         4


Dungeon Overview and Level Annotations

Branches:
Dungeon (7/15)             Temple (0/1) D:4

Altars:
Vehumet

Shops:
D:1 [


Innate Abilities, Weirdness & Mutations

You are immune to sickness and miasma.
Your stone body is resilient. (AC +4)
You are immune to poison.
You resist negative energy. (rN+)
You are resistant to electric shocks. (rElec)
You are resistant to unholy torment.
You are immune to petrification.


Message History

The kobold barely misses you. The kobold hits you but does no damage.
You hit the kobold.
You kill the kobold!
m - 7 scrolls labelled PEREABBUPI (gained 1)
Things that are here:
a +0 whip; 7 poisoned darts; a kobold corpse
There is a radiant altar of Vehumet here.
You kneel at the altar of Vehumet.
Vehumet welcomes you!
Magic restored.
HP restored.
Found a stone staircase leading up.
p - 2 emerald potions (gained 1)
You now have 150 gold pieces (gained 7).
Found an escape hatch in the ceiling.
There is a radiant altar of Vehumet here.
There is a stone staircase leading up here.
You climb upwards.
Found an escape hatch in the floor.
There is a stone staircase leading down here.
The helpless ogre fails to defend itself.
You whack the ogre!
The ogre is heavily wounded.
The ogre hits you with a +0 giant club!!
Ouch! That really hurt!
* * * LOW HITPOINT WARNING * * *
You are too injured to fight recklessly!
You are too injured to fight recklessly!
You are too injured to fight recklessly!
You are too injured to fight recklessly!
Casting: Sandblast (safe; 1% risk of failure)
Confirm with . or Enter, or press ? or * to list all spells.
Aiming: Sandblast (safe; 1% risk of failure)
Press: ? - help, Shift-Dir - straight line, f - ogre
Aim: an ogre, wielding a +0 giant club (moderately wounded, 92% to hit)
The blast of sand hits the ogre!!
The ogre is almost dead.
The ogre hits you with a +0 giant club!!
Ouch! That really hurt!
You die...

### ..##
....# #...#
###....##
##.......#
#O...>....
#.@..#
..........#
...#.......#
. #..##...#
### #..# .##
.# ##


You could see an ogre.

Vanquished Creatures
  A kobold brigand (D:6)
  2 jellies
  2 hounds
  8 gnolls
  4 adders
  2 worms (D:2)
  2 dart slugs (D:1)
  5 orcs
  2 ball pythons (D:1)
  4 endoplasms
  3 giant cockroaches (D:1)
  4 goblins (D:1)
  7 hobgoblins
  4 quokkas (D:3)
  9 bats
  2 frilled lizards
  14 kobolds
  9 rats
84 creatures vanquished.

Vanquished Creatures (others)
  A fungus (D:4)
  17 plants (D:3)
18 creatures vanquished.

Grand Total: 102 creatures vanquished

Notes
Turn   | Place    | Note
-------+----------+-------------------------------------------
     0 | D:1      | Essalna the Gargoyle Earth Elementalist began the quest for
                  | the Orb.
     0 | D:1      | Reached XP level 1. HP: 10/10 MP: 3/3
   120 | D:1      | Reached skill level 1 in Fighting
   120 | D:1      | Reached XP level 2. HP: 16/16 MP: 1/5
   186 | D:1      | Reached skill level 4 in Earth Magic
   215 | D:1      | Found Zyjoxesido's Antique Armour Emporium.
   939 | D:1      | Reached XP level 3. HP: 21/21 MP: 3/6
  1505 | D:2      | Reached XP level 4. HP: 27/27 MP: 1/7
  1575 | D:2      | Identified the +7 whip of Punishment {pain, *Rage rF++
                  | Str+6}
  2147 | D:3      | Learned a level 3 spell: Stone Arrow
  2170 | D:3      | Found a faded altar of an unknown god.
  2303 | D:3      | Reached skill level 5 in Earth Magic
  2576 | D:3      | Reached XP level 5. HP: 26/32 MP: 2/8
  3267 | D:4      | Reached skill level 6 in Earth Magic
  3275 | D:5      | Entered Level 5 of the Dungeon
  3275 | D:5      | Noticed an orc warrior
  3322 | D:4      | Found a staircase to the Ecumenical Temple.
  3323 | D:4      | You fall into a shaft and drop 3 floors!
  3331 | D:7      | Reached XP level 6. HP: 38/38 MP: 7/9
  3332 | D:7      | Noticed a sky beast
  3356 | D:6      | Found a radiant altar of Vehumet.
  3427 | D:6      | Reached skill level 5 in Fighting
  3435 | D:6      | Became a worshipper of Vehumet
  3598 | D:5      | Annihilated by an ogre

Illustrated notes

Levels and vault maps discovered:
D:1:      erik_arrival_triangle_small, layout_basic, serial_shops,
          nicolae_shop_crystal, fountainhead, minmay_cupped
D:2:      layout_loops_corners
D:3:      wad_woods_settlement, layout_basic, basic_ecumenical_altar,
          st_stairs_8
D:4:      layout_rooms, overflow_temple_1_default, minmay_temple_entry_tees,
          hangedman_decor_push, minmay_stone_trees_medium, dreamdust_gnoll_farm
D:5:      minmay_angry_zag, layout_cave_pools, serial_column_ruins,
          column_ruins_temple_circle, column_ruins_square_large,
          column_ruins_columns_corner, column_ruins_grid_1,
          column_ruins_corridor_straight, column_ruins_open_small,
          column_ruins_columns_T, column_ruins_grid_1,
          column_ruins_columns_straight, minmay_misc_feat_ornament
D:6:      layout_rooms, vehumet_crystals, kennysheep_windowed_goal
D:7:      layout_cave_pools, mainiacjoe_overflow_boulevard, kennysheep_mini,
          elyvilon_altar_3, kiku_gazebo_garden_becter

Skill      XL: |  1  2  3  4  5  6 |
---------------+-------------------+-----
Fighting       | 1 2 3 4 5 |  5.0
Earth Magic    | 4 5 6 |  6.7
Dodging        | |  1.5
Stealth        | |  2.1
Spellcasting   | |  2.0
Transmutations | |  0.7

Action                   |  1- 3 |  4- 6 || total
-------------------------+-------+-------++-------
Melee: Dagger            |    11 |       ||    11
       Whip              |       |    67 ||    67
 Cast: Sandblast         |    50 |    50 ||   100
 Stab: Sleeping          |     1 |     4 ||     5
Armor: Robe              |    10 |    26 ||    36
Dodge: Dodged            |    24 |    45 ||    69

Table legend: (Time is in decaauts)
 A = Elapsed time spent in this place.
 B = Non-inter-level travel time spent in this place.
 C = Inter-level travel time spent in this place.
 D = Time resting spent in this place.
 E = Time spent auto-exploring this place.
 F = Levels seen in this place.
 G = Mean time per level.
                   A        B        C        D        E       F      G
               +--------+--------+--------+--------+--------+-----+--------+
         Total |   3710 |   3654 |     56 |      0 |   3083 |   7 |  530.0 |
       Dungeon |   3710 |   3654 |     56 |      0 |   3083 |   7 |  530.0 |
               +--------+--------+--------+--------+--------+-----+--------+

Top non-repeatable levels by time:
     D:3: 1105 daAuts
     D:2: 1093 daAuts
     D:1: 1066 daAuts
     D:6: 246 daAuts
     D:4: 154 daAuts
     D:7: 35 daAuts
     D:5: 8 daAuts
